 Dungeon Crawl Stone Soup version 0.23-a0-404-g0063841 (webtiles) character file.

5600 Azzok the Geomancer (level 10, -5/63 HPs)
             Began as a Demonspawn Earth Elementalist on Nov 5, 2018.
             Was a Priest of Vehumet.
             Blown up by Erolcha (8 damage)
             ... with a wand of disintegration (7)
             ... on level 9 of the Dungeon.
             The game lasted 00:14:43 (12272 turns).

Azzok the Geomancer (DsEE)                         Turns: 12272, Time: 00:14:44

Health: -5/63      AC: 10    Str:  9    XL:     10   Next: 45%
Magic:  10/31      EV: 12    Int: 19    God:    Vehumet [***...]
Gold:   330        SH:  5    Dex: 19    Spells: 16/25 levels left

rFire    . . .     SeeInvis .   s - +2 dagger (venom)
rCold    . . .     Gourm    .   F - +0 buckler
rNeg     . . .     Faith    .   c - +0 robe
rPois    +         Spirit   .   (helmet restricted)
rElec    .         Reflect  .   a - scarf {repulsion}
rCorr    .         Harm     .   w - +2 pair of gloves of Bad Feelings {MP+9 Dex+5}
MR       .....                  u - +0 pair of boots
Stlth    ++........             x - amulet of regeneration
HPRegen  0.60/turn              (no ring)
MPRegen  0.22/turn              (no ring)

@: marked, very slightly contaminated, repel missiles
A: horns 2, slimy green scales 3, powered by pain 1
a: Renounce Religion


You were on level 9 of the Dungeon.
You worshipped Vehumet.
Vehumet was most pleased with you.
You were not hungry.

You visited 1 branch of the dungeon, and saw 9 of its levels.
You also visited: Ossuary.

You collected 330 gold pieces.

Inventory:

Hand Weapons
 s - a +2 dagger of venom (weapon)
Missiles
 b - 82 stones (quivered)
Armour
 a - a scarf of repulsion (worn)
 c - a +0 robe (worn)
 u - a +0 pair of boots (worn)
 w - the +2 pair of gloves of Bad Feelings (worn) {MP+9 Dex+5}
   (You found it on level 7 of the Dungeon)

   It affects your dexterity (+5).
   It affects your magic capacity (+9).
 F - a +0 buckler (worn)
Jewellery
 x - an amulet of regeneration (around neck)
 G - the macabre finger necklace {rN+}
   (You found it on level 9 of the Dungeon)

   [amulet of nothing]

   It protects you from negative energy.
Wands
 A - a wand of random effects (24)
 D - a wand of disintegration (10)
Scrolls
 e - 4 scrolls of teleportation
 i - 2 scrolls of immolation {unknown}
 j - 3 scrolls of enchant weapon
 k - 7 scrolls of identify
 l - 2 scrolls of enchant armour {unknown}
 n - 3 scrolls of random uselessness {unknown}
 o - 6 scrolls of remove curse {unknown}
 p - 3 scrolls of amnesia {unknown}
 y - a scroll of fog {unknown}
 B - a scroll of fear {unknown}
 C - a scroll of blinking {unknown}
Potions
 f - a potion of berserk rage {unknown}
 g - a potion of mutation {unknown}
 h - 3 potions of magic {unknown}
 m - 2 potions of degeneration {unknown}
 q - a potion of ambrosia {unknown}
 r - a potion of agility {unknown}
 t - 6 potions of curing
 v - 3 potions of might {unknown}
 z - 2 potions of flight {unknown}
 E - a potion of lignification {unknown}
Comestibles
 d - 9 rations
 H - 5 chunks of flesh


   Skills:
 - Level 1.7 Dodging
 - Level 1.7 Stealth
 + Level 2.1 Shields
 + Level 8.3 Spellcasting
 + Level 8.7 Conjurations
   Level 0.8 Transmutations
 + Level 9.0 Earth Magic


You had 16 spell levels left.
You knew the following spells:

 Your Spells              Type           Power        Failure   Level  Hunger
a - Sandblast             Erth           #####.       1%          1    None
b - Stone Arrow           Conj/Erth      #####.       1%          3    None
c - Lee's Rapid Deconstr  Erth           #####.....   2%          5    #####..

Your spell library contained the following spells:

 Spells                   Type           Power        Failure   Level  Hunger
 Dazzling Spray           Conj/Hex       ###...       1%          3    None
 Passwall                 Tmut/Erth      ####....     2%          2    None
 Petrify                  Tmut/Erth      ####....     14%         4    ###....
 Ensorcelled Hibernation  Hex/Ice        #.....       17%         2    None
 Borgnjor's Vile Clutch   Necr/Erth      ####......   43%         5    #####..
 Silence                  Hex/Air        #.........   97%         5    #####..
 Darkness                 Hex            #.........   100%        6    ######.
 Shadow Creatures         Summ           N/A          100%        6    ######.


Dungeon Overview and Level Annotations

Branches:
Dungeon (9/15)             Temple (0/1) D:6
   Lair: D:8-11         Orc: D:9-12

Altars:
Cheibriados
Hepliaklqana
Makhleb
Okawaru
Sif Muna
Trog
Vehumet
Xom
Yredelemnul
Zin
The Shining One

Shops:
D:4 %

Annotations:
D:4 1 runed door, TrumpTheGenius's ghost, novice OpVM
D:9 Erolcha


Innate Abilities, Weirdness & Mutations

You have a pair of horns on your head.
You are completely covered in slimy green scales. (AC +4, rPois)
You sometimes gain a little power by taking damage.


Message History

Press: ? - help, Shift-Dir - straight line, f/p - Harold
Aim: Harold, wielding a +0 halberd and wearing a +2 chain mail of cold The stone arrow hits Harold.
You kill Harold!
Vehumet accepts your kill.
Harold looks down at his mortal wounds and cries, "But... this was my last day Your Shields skill increases to level 2!
Your Earth Magic skill increases to level 9!
* * * LOW MAGIC WARNING * * *
Erolcha zaps a wand.
You are blasted!
* * * LOW HITPOINT WARNING * * *
Erolcha drinks a potion.
Erolcha suddenly seems more resistant.
Erolcha zaps a wand.
You are blasted!
* * * LOW HITPOINT WARNING * * *
Erolcha zaps a wand.
You are blasted!
* * * LOW HITPOINT WARNING * * *
Erolcha zaps a wand.
You are blasted!
* * * LOW HITPOINT WARNING * * *
Erolcha zaps a wand.
You are blasted!
You die...

▒▒▒▒▒▒ ▒··· ▒·▒··▒▒ ▒▒···
▒▒▒·····▒▒▒
▒▒▒····▒▒▒······((·▒▒
▒·······▒▒▒··@[(<···▒▒▒ ▒▒▒
▒·······▒▒▒(····)·····▒▒▒·▒▒
·▒···▒···▒▒·············▒···▒▒
············(()··············▒▒
···>·······(········>▒▒▒▒<····▒
▒·(········▒·······▒▒·)······
··▒▒····O▒▒··▒▒····▒·▒···▒▒····
·<······▒▒··▒▒▒·····▒▒····▒··▒·
······)·····▒▒·················


You could see Erolcha.

Vanquished Creatures
  Harold (D:9)
  A cyclops (D:7)
  Grinder (D:4)
  A vampire (D:8)
  2 wraiths (Ossuary)
  A hungry ghost (D:9)
  3 orc warriors
  2 ice beasts
  A sky beast (D:8)
  A black bear (D:8)
  An eye of draining (D:8)
  6 ogres
  6 centaurs
  2 big kobolds
  5 bullfrogs
  A water moccasin zombie (D:5)
  7 scorpions
  3 wights
  3 crimson imps
  A centaur zombie (D:8)
  3 jellies
  2 centaur skeletons (D:9)
  Crazy Yiuf (D:7)
  2 hounds
  7 orc wizards
  3 bullfrog skeletons
  An iguana (D:4)
  5 worker ants
  A killer bee zombie (D:5)
  2 hound skeletons
  A worker ant zombie (D:5)
  9 adders
  An ooze (D:1)
  4 adder zombies
  An adder skeleton (D:4)
  3 worms
  2 dart slugs
  3 leopard geckos
  18 orcs
  8 bats
  10 giant cockroaches
  6 goblins
  7 hobgoblins
  2 jackals (D:8)
  21 kobolds
  3 quokkas
  A ball python (D:2)
  9 frilled lizards
  2 hobgoblin skeletons (Ossuary)
  A hobgoblin zombie (Ossuary)
  A jackal skeleton (D:4)
  3 kobold zombies (Ossuary)
  A leopard gecko skeleton (D:6)
  An orc zombie (Ossuary)
  2 quokka skeletons
  5 rats
  A spectral orc (D:3)
202 creatures vanquished.

Notes
Turn   | Place    | Note
-------+----------+-------------------------------------------
     0 | D:1      | Azzok the Demonspawn Earth Elementalist began the quest for
                  | the Orb.
     0 | D:1      | Reached XP level 1. HP: 13/13 MP: 3/3
   124 | D:1      | Reached skill level 3 in Earth Magic
   434 | D:1      | Gained mutation: You sometimes gain a little power by
                  | taking damage. [demonic ancestry]
   434 | D:1      | Reached XP level 2. HP: 13/19 MP: 0/5
  1105 | D:1      | Reached XP level 3. HP: 24/24 MP: 1/6
  1110 | D:1      | Learned a level 3 spell: Stone Arrow
  1839 | D:2      | Reached skill level 4 in Earth Magic
  2037 | D:2      | Reached skill level 1 in Conjurations
  2368 | D:2      | Gained mutation: You are partially covered in slimy green
                  | scales. (AC +2) [demonic ancestry]
  2368 | D:2      | Reached XP level 4. HP: 26/30 MP: 0/7
  2900 | D:2      | Found a bloodstained altar of Trog.
  3042 | D:2      | Found a burning altar of Makhleb.
  3042 | D:2      | Found a radiant altar of Vehumet.
  3130 | D:2      | Became a worshipper of Vehumet
  3630 | D:3      | Found a hazy altar of Hepliaklqana.
  3631 | D:3      | Found a shimmering altar of Xom.
  3631 | D:3      | Noticed a hell beast
  3632 | D:3      | Noticed a spectral ugly thing
  3632 | D:3      | Noticed a hell beast
  3772 | D:3      | Found a glowing golden altar of the Shining One.
  3920 | D:3      | Found a basalt altar of Yredelemnul.
  4487 | D:4      | Gained mutation: You are mostly covered in slimy green
                  | scales. (AC +3) [demonic ancestry]
  4487 | D:4      | Reached XP level 5. HP: 35/35 MP: 0/9
  4667 | D:4      | Noticed Grinder
  4680 | D:4      | Killed Grinder
  4680 | D:4      | Gained mutation: You have a pair of small horns on your
                  | head. [demonic ancestry]
  4680 | D:4      | Reached XP level 6. HP: 21/41 MP: 0/11
  4932 | D:4      | Found an iron altar of Okawaru.
  4961 | D:4      | Reached skill level 5 in Earth Magic
  5018 | D:4      | Found a snail-covered altar of Cheibriados.
  5023 | D:4      | Found a deep blue altar of Sif Muna.
  5441 | D:4      | Reached XP level 7. HP: 46/46 MP: 1/12
  5448 | D:4      | Learned a level 5 spell: Lee's Rapid Deconstruction
  5634 | D:4      | Noticed TrumpTheGenius's ghost (novice OpVM)
  5681 | D:4      | Found a runed door.
  5698 | D:4      | Found Feqo's Food Emporium.
  5822 | D:5      | Entered Level 5 of the Dungeon
  6241 | D:5      | Reached * piety under Vehumet
  6241 | D:5      | Offered knowledge of Sting by Vehumet.
  6356 | D:5      | Reached skill level 6 in Earth Magic
  6361 | D:5      | Gained mutation: You are completely covered in slimy green
                  | scales. (AC +4, rPois) [demonic ancestry]
  6361 | D:5      | Reached XP level 8. HP: 52/52 MP: 2/15
  6488 | D:5      | Found a glowing silver altar of Zin.
  6548 | D:5      | Reached skill level 5 in Spellcasting
  6714 | D:5      | Reached skill level 5 in Conjurations
  7493 | D:6      | Found a staircase to the Ecumenical Temple.
  8348 | D:6      | Reached skill level 7 in Earth Magic
  8792 | D:7      | Got a pair of scorched gloves
  8795 | D:7      | Identified the +2 pair of gloves of Bad Feelings {MP+9
                  | Dex+5} (You found it on level 7 of the Dungeon)
  8844 | D:7      | Noticed a cyclops
  8948 | D:7      | Found a runed door.
  8952 | D:7      | Noticed Crazy Yiuf
  8954 | D:7      | Killed Crazy Yiuf
  9058 | D:7      | Killed a cyclops
  9058 | D:7      | Reached XP level 9. HP: 30/57 MP: 6/18
  9068 | D:7      | Reached ** piety under Vehumet
  9068 | D:7      | Offered knowledge of Throw Frost by Vehumet.
  9263 | D:7      | Found a sand-covered staircase.
  9272 | Ossuary  | Entered an ossuary
 10342 | D:8      | Reached skill level 8 in Earth Magic
 10717 | D:8      | Offered knowledge of Mephitic Cloud by Vehumet.
 11288 | D:8      | Reached *** piety under Vehumet
 11398 | D:8      | Gained mutation: You have a pair of horns on your head.
                  | [demonic ancestry]
 11398 | D:8      | Reached XP level 10. HP: 63/63 MP: 19/21
 11762 | D:9      | Found the macabre finger necklace {rN+}
 12125 | D:9      | Offered knowledge of Dazzling Spray by Vehumet.
 12132 | D:8      | Reached skill level 1 in Shields
 12251 | D:9      | Noticed Harold
 12261 | D:9      | Noticed Erolcha
 12265 | D:9      | Killed Harold
 12265 | D:9      | Reached skill level 9 in Earth Magic
 12270 | D:9      | HP: 2/63 [disintegration (5)]
 12272 | D:9      | Blown up by Erolcha

Vault maps used:
D:1:      dpeg_arrival_renting
D:2:      amethyst_overflow_temple_binary, lemuel_coloured_pillars_altar
D:3:      regret_index_temple_of_mockery, nicolae_overflow_crystal_walls,
          yredelemnul_forgotten_temple_becter
D:4:      grunt_temple_overflow_open, serial_rivers,
          chequers_serial_rivers_micro_c, chequers_serial_rivers_micro_a,
          chequers_serial_rivers_micro_c, chequers_serial_rivers_micro_b,
          chequers_serial_rivers_room_b, chequers_serial_rivers_micro_b,
          first_ration, serial_shops, nicolae_shop_statue_plus,
          gammafunk_ghost_grave, serial_bayou_crossing, uniq_grinder
D:5:      cheibrodos_thug_alley, marbit_many_paths
D:6:      temple_fountains
D:7:      lightli_ossuary_entry_decrepit_ruins, uniq_crazy_yiuf_cottage
D:9:      nicolae_ru_great_annihilating_truth,
          lemuel_zombie_altar_kikubaaqudgha, uniq_gastronok, uniq_harold,
          uniq_erolcha
Ossuary:  ossuary_due_cavern

Skill      XL: |  1  2  3  4  5  6  7  8  9 10 |
---------------+-------------------------------+-----
Earth Magic    | 3 4 5 6 7 8 9 |  9.0
Conjurations   | 1 2 3 4 6 8 |  8.7
Spellcasting   | 3 4 6 7 8 |  8.3
Shields        | 2 |  2.1
Dodging        | |  1.7
Stealth        | |  1.7
Transmutations | |  0.8

Action                   |  1- 3 |  4- 6 |  7- 9 | 10-12 || total
-------------------------+-------+-------+-------+-------++-------
Melee: Unarmed           |     8 |       |       |       ||     8
       Short sword       |    20 |    15 |     2 |       ||    37
       Dagger            |       |       |    25 |     6 ||    31
       Headbutt          |       |       |     5 |     1 ||     6
Throw: Stone             |     2 |       |       |       ||     2
 Cast: Sandblast         |    47 |    42 |    49 |     7 ||   145
       Stone Arrow       |    12 |    33 |   148 |    54 ||   247
       Lee's Rapid Decon |       |       |     2 |       ||     2
  Use: Scroll            |       |       |     3 |       ||     3
 Stab: Sleeping          |       |       |     1 |       ||     1
  Eat: Chunk             |     3 |    14 |    14 |     4 ||    35
       Ration            |     1 |       |     3 |       ||     4
Armor: Robe              |    12 |     7 |    19 |    11 ||    49
Dodge: Dodged            |    39 |    33 |    42 |    16 ||   130
       Deflected         |     3 |       |    15 |     5 ||    23
Block: Buckler           |       |       |       |     5 ||     5

Table legend:
 A = Non-vault XP
 B = Vault XP
 C = Vault XP percentage of total XP
 D = Non-vault monster count
 E = Vault monster count
 F = Vault count percentage of total count
                 A         B        C        D         E       F
            +---------+---------+-------+---------+---------+-------
      Total |    6061 |    1939 |  24.2 |     174 |      28 |  13.9
            +---------+---------+-------+---------+---------+-------
        D:1 |      43 |       0 |   0.0 |      21 |       0 |   0.0
        D:2 |      83 |       0 |   0.0 |      28 |       0 |   0.0
        D:3 |      39 |       1 |   2.5 |      13 |       1 |   7.1
        D:4 |     320 |     267 |  45.5 |      16 |       1 |   5.9
        D:5 |     854 |     118 |  12.1 |      16 |      10 |  38.5
        D:6 |     760 |       0 |   0.0 |      14 |       0 |   0.0
        D:7 |     741 |      40 |   5.1 |       8 |       1 |  11.1
        D:8 |    2182 |       0 |   0.0 |      41 |       0 |   0.0
        D:9 |    1039 |     955 |  47.9 |      17 |       1 |   5.6
    Ossuary |       0 |     558 | 100.0 |       0 |      14 | 100.0
            +---------+---------+-------+---------+---------+-------
